NCAA
MIAMI HURRICANES @ ARIZONA WILDCATS
03/07/2060
 
TOP OF THE 1ST
Miami Hurricanes batting - Pitching for Arizona Wildcats : LHP Dylan Milton
Pitching: LHP Dylan Milton
Batting: LHB Jarod Reinhardt 0-0: Called Strike
0-1: Called Strike
0-2: Ball
1-2: Foul Ball, location: 2F
1-2: Ball
2-2: Ball
3-2: Base on Balls
Batting: RHB Vinnie Hayes 0-0: Ball
1-0: Fly out, F8 (Flyball, 8LM, EV 88.1 MPH)
Batting: RHB Kyle Reichel 0-0: Called Strike
0-1: Ball
1-1: Ball
2-1: Ball
3-1: Swinging Strike
3-2: Foul Ball, location: 2F
3-2: Strikes out swinging
Jarod Reinhardt steals 2nd base
Batter strikes out.
Batting: LHB Jerry Fox 0-0: Foul Ball, location: 2F
0-1: Ball
1-1: Foul Ball, location: 2F
1-2: Ball
2-2: Ground out 5-3 (Groundball, 56S, EV 93.1 MPH)
Top of the 1st over - 0 runs, 0 hits, 0 errors, 1 left on base; Miami 0 - Arizona 0
BOTTOM OF THE 1ST
Arizona Wildcats batting - Pitching for Miami Hurricanes : RHP McKenzie Hensley
Pitching: RHP McKenzie Hensley
Batting: RHB Brendan McIntyre 0-0: Called Strike
0-1: Ball
1-1: SINGLE (Groundball, 25, EV 70.6 MPH) (infield hit)
Batting: RHB Richard Sall 0-0: Ball
1-0: Called Strike
1-1: Ball
2-1: Ball
3-1: Called Strike
3-2: DOUBLE (Line Drive, 89M, EV 102.5 MPH)
Brendan McIntyre to third
Brendan McIntyre scores
Batting: RHB Brian Panek 0-0: DOUBLE (Line Drive, 9D, EV 100.0 MPH)
Richard Sall scores
Batting: RHB Spencer Harris 0-0: Ball
1-0: Ball
2-0: Foul Ball, location: 2F
2-1: Ball
3-1: Called Strike
3-2: Foul Ball, location: 2F
3-2: Base on Balls
Batting: RHB Lucas Doyle 0-0: Ball
1-0: SINGLE (Flyball, 5D, EV 86.9 MPH)
Brian Panek to third
Spencer Harris to second
Batting: LHB Billy Cook 0-0: Ball
1-0: Called Strike
1-1: SINGLE (Flyball, 5D, EV 86.2 MPH)
Brian Panek scores
Spencer Harris to third
Lucas Doyle to second
Batting: RHB Wendel Serrano 0-0: SINGLE (Line Drive, 6MD, EV 98.1 MPH)
Spencer Harris scores
Lucas Doyle to third
Billy Cook to second
Batting: LHB Donnie Thornhill 0-0: Reached on error, E3 (Groundball, 34, EV 90.6 MPH)
Lucas Doyle scores
Billy Cook to third
Wendel Serrano to second
Pitching: LHP Crispin Gibbons
Batting: RHB Branson Bourke 0-0: Called Strike
0-1: Called Strike
0-2: Ball
1-2: Strikes out swinging
Batting: RHB Brendan McIntyre 0-0: Ball
1-0: Called Strike
1-1: Foul Ball, location: 2F
1-2: Ball
2-2: Ball
3-2: Foul Ball, location: 2F
3-2: SINGLE (Line Drive, 6D, EV 95.0 MPH)
Billy Cook scores
Wendel Serrano to third
Donnie Thornhill to second
Batting: RHB Richard Sall 0-0: Called Strike
0-1: Foul Ball, location: 2F
0-2: Foul Ball, location: 2F
0-2: Ball
1-2: Strikes out swinging
Batting: RHB Brian Panek 0-0: Ball
1-0: Fielders Choice at 2nd, U6 (Groundball, 6M, EV 101.2 MPH)
Bottom of the 1st over - 6 runs, 7 hits, 1 error, 3 left on base; Miami 0 - Arizona 6
TOP OF THE 2ND
Miami Hurricanes batting - Pitching for Arizona Wildcats : LHP Dylan Milton
Batting: RHB Quinn Aguilar 0-0: Called Strike
0-1: Swinging Strike
0-2: Ball
1-2: Foul Ball, location: 2F
1-2: Ball
2-2: Foul Ball, location: 2F
2-2: Ball
3-2: Strikes out swinging
Batting: SHB Dezmond Koehler 0-0: Ball
1-0: Ball
2-0: Ball
3-0: Called Strike
3-1: Swinging Strike
3-2: SINGLE (Flyball, 6MD, EV 90.0 MPH)
Batting: RHB Cordell Reichert 0-0: Fielders Choice at 2nd, 1-6 (Groundball, 34S, EV 66.9 MPH)
Batting: LHB Richie Levin 0-0: Ball
1-0: Fly out, F8 (Flyball, 8RM, EV 83.8 MPH)
Top of the 2nd over - 0 runs, 1 hit, 0 errors, 1 left on base; Miami 0 - Arizona 6
BOTTOM OF THE 2ND
Arizona Wildcats batting - Pitching for Miami Hurricanes : LHP Crispin Gibbons
Batting: RHB Spencer Harris 0-0: Fly out, F8 (Line Drive, 8RS, EV 91.2 MPH)
Batting: RHB Lucas Doyle 0-0: Ball
1-0: Ball
2-0: Foul Ball, location: 2F
2-1: Called Strike
2-2: Ball
3-2: Fly out, F7 (Line Drive, 7S, EV 89.4 MPH)
Batting: LHB Billy Cook 0-0: Ball
1-0: Ball
2-0: Called Strike
2-1: Ball
3-1: Base on Balls
Batting: RHB Wendel Serrano 0-0: Called Strike
0-1: Ball
1-1: Called Strike
1-2: Strikes out swinging
Bottom of the 2nd over - 0 runs, 0 hits, 0 errors, 1 left on base; Miami 0 - Arizona 6
TOP OF THE 3RD
Miami Hurricanes batting - Pitching for Arizona Wildcats : LHP Dylan Milton
Batting: RHB Jamie Quimby 0-0: Called Strike
0-1: Ball
1-1: SINGLE (Line Drive, 7S, EV 102.5 MPH)
Batting: LHB Jarod Reinhardt 0-0: Foul Ball, location: 2F
0-1: DOUBLE (Line Drive, 7LM, EV 99.4 MPH)
Jamie Quimby to third
Batting: RHB Vinnie Hayes 0-0: Ground out 4-3 (Groundball, 34, EV 86.2 MPH)
Jamie Quimby scores
Jarod Reinhardt to third
Batting: RHB Kyle Reichel 0-0: Called Strike
0-1: Foul Ball, location: 2F
0-2: Ball
1-2: Foul Ball, location: 2F
1-2: Ball
2-2: Foul Ball, location: 2F
2-2: Foul Ball, location: 2F
2-2: SINGLE (Groundball, 6MD, EV 98.8 MPH)
Jarod Reinhardt scores
Batting: LHB Jerry Fox 0-0: Ball
1-0: Called Strike
1-1: Foul Ball, location: 2F
1-2: Strikes out swinging
Batting: RHB Quinn Aguilar 0-0: Called Strike
0-1: Ball
1-1: Ground out U3 (Groundball, 3, EV 93.8 MPH)
Top of the 3rd over - 2 runs, 3 hits, 0 errors, 1 left on base; Miami 2 - Arizona 6
BOTTOM OF THE 3RD
Arizona Wildcats batting - Pitching for Miami Hurricanes : LHP Crispin Gibbons
Batting: LHB Donnie Thornhill 0-0: Called Strike
0-1: Fly out, F7 (Flyball, 7, EV 93.8 MPH)
Batting: RHB Branson Bourke 0-0: Called Strike
0-1: Ball
1-1: Ground out 5-3 (Groundball, 5S, EV 85.0 MPH)
Batting: RHB Brendan McIntyre 0-0: Called Strike
0-1: Swinging Strike
0-2: Ball
1-2: Ball
2-2: Foul Ball, location: 2F
2-2: Ball
3-2: Base on Balls
Batting: RHB Richard Sall 0-0: Fly out, F7 (Flyball, 7, EV 88.8 MPH)
Bottom of the 3rd over - 0 runs, 0 hits, 0 errors, 1 left on base; Miami 2 - Arizona 6
TOP OF THE 4TH
Miami Hurricanes batting - Pitching for Arizona Wildcats : LHP Dylan Milton
Batting: SHB Dezmond Koehler 0-0: Called Strike
0-1: Ball
1-1: Ball
2-1: Ball
3-1: Swinging Strike
3-2: Strikes out swinging
Batting: RHB Cordell Reichert 0-0: Ball
1-0: Ball
2-0: Swinging Strike
2-1: SINGLE (Groundball, 4MD, EV 102.5 MPH)
Batting: LHB Richie Levin 0-0: Called Strike
0-1: SINGLE (Groundball, 34S, EV 65.6 MPH) (infield hit)
Cordell Reichert to second
Batting: RHB Jamie Quimby 0-0: SINGLE (Line Drive, 89S, EV 93.1 MPH)
Cordell Reichert to third
Richie Levin to second
Batting: LHB Jarod Reinhardt 0-0: Called Strike
0-1: Called Strike
0-2: Ball
1-2: Strikes out swinging
Batting: RHB Vinnie Hayes 0-0: Ball
1-0: Ball
2-0: Called Strike
2-1: Ball
3-1: Called Strike
3-2: Foul Ball, location: 2F
3-2: Fly out, F9 (Flyball, 9LSF, EV 94.4 MPH)
Top of the 4th over - 0 runs, 3 hits, 0 errors, 3 left on base; Miami 2 - Arizona 6
BOTTOM OF THE 4TH
Arizona Wildcats batting - Pitching for Miami Hurricanes : LHP Crispin Gibbons
Batting: RHB Brian Panek 0-0: Called Strike
0-1: Ball
1-1: Foul Ball, location: 2F
1-2: Ball
2-2: Fly out, F8 (Flyball, 8RD, EV 83.8 MPH)
Batting: RHB Spencer Harris 0-0: Ball
1-0: Foul Ball, location: 2F
1-1: Called Strike
1-2: Strikes out swinging
Batting: RHB Lucas Doyle 0-0: Foul Ball, location: 2F
0-1: Fly out, F7 (Flyball, 7LD, EV 94.4 MPH)
Bottom of the 4th over - 0 runs, 0 hits, 0 errors, 0 left on base; Miami 2 - Arizona 6
TOP OF THE 5TH
Miami Hurricanes batting - Pitching for Arizona Wildcats : LHP Dylan Milton
Batting: RHB Kyle Reichel 0-0: Called Strike
0-1: Ball
1-1: Ball
2-1: Ball
3-1: Foul Ball, location: 2F
3-2: Base on Balls
Pitching: RHP David Riley
Batting: LHB Jerry Fox 0-0: Called Strike
0-1: Swinging Strike
0-2: Foul Ball, location: 2F
0-2: Strikes out looking
Batting: RHB Quinn Aguilar 0-0: Called Strike
0-1: Fly out, F7 (Flyball, 7LSF, EV 82.5 MPH)
Batting: SHB Dezmond Koehler 0-0: Swinging Strike
0-1: Called Strike
0-2: Ball
1-2: Strikes out swinging
Top of the 5th over - 0 runs, 0 hits, 0 errors, 1 left on base; Miami 2 - Arizona 6
BOTTOM OF THE 5TH
Arizona Wildcats batting - Pitching for Miami Hurricanes : LHP Crispin Gibbons
Batting: LHB Billy Cook 0-0: Ball
1-0: Fly out, F7 (Line Drive, 7, EV 86.9 MPH)
Batting: RHB Wendel Serrano 0-0: Ground out 5-3 (Groundball, 56S, EV 82.5 MPH)
Batting: LHB Donnie Thornhill 0-0: Called Strike
0-1: Ball
1-1: Foul Ball, location: 2F
1-2: Ball
2-2: Ball
3-2: Foul Ball, location: 2F
3-2: Ground out 6-3 (Groundball, 6, EV 85.0 MPH)
Bottom of the 5th over - 0 runs, 0 hits, 0 errors, 0 left on base; Miami 2 - Arizona 6
TOP OF THE 6TH
Miami Hurricanes batting - Pitching for Arizona Wildcats : RHP David Riley
Batting: RHB Cordell Reichert 0-0: Ball
1-0: Foul Ball, location: 2F
1-1: Ball
2-1: Fly out, F8 (Line Drive, 78M, EV 88.8 MPH)
Batting: LHB Richie Levin 0-0: Ball
1-0: Foul Ball, location: 2F
1-1: Called Strike
1-2: Hit by Pitch
Batting: RHB Jamie Quimby 0-0: Ball
1-0: SINGLE (Line Drive, 56, EV 100.6 MPH)
Richie Levin to second
Batting: LHB Jarod Reinhardt 0-0: Ball
1-0: Foul Ball, location: 2F
1-1: Swinging Strike
1-2: Foul Ball, location: 2F
1-2: Ball
2-2: Ball
3-2: Foul Ball, location: 2F
3-2: Fielders Choice at 2nd, 6-4 (Groundball, 6, EV 84.4 MPH)
Richie Levin to third
Batting: RHB Vinnie Hayes 0-0: Called Strike
0-1: Ball
1-1: Swinging Strike
1-2: Ball
2-2: Strikes out swinging
Top of the 6th over - 0 runs, 1 hit, 0 errors, 2 left on base; Miami 2 - Arizona 6
BOTTOM OF THE 6TH
Arizona Wildcats batting - Pitching for Miami Hurricanes : LHP Crispin Gibbons
Pitching: RHP Jorell Ortega
Batting: RHB Branson Bourke 0-0: Swinging Strike
0-1: Ball
1-1: Ground out 3-1 (Groundball, 34S, EV 85.6 MPH)
Batting: RHB Brendan McIntyre 0-0: Called Strike
0-1: Fly out, F7 (Line Drive, 7LS, EV 94.4 MPH)
Batting: RHB Richard Sall 0-0: Fly out, F8 (Line Drive, 89D, EV 83.8 MPH)
Bottom of the 6th over - 0 runs, 0 hits, 0 errors, 0 left on base; Miami 2 - Arizona 6
TOP OF THE 7TH
Miami Hurricanes batting - Pitching for Arizona Wildcats : RHP David Riley
Batting: RHB Kyle Reichel 0-0: Called Strike
0-1: Called Strike
0-2: Fly out, F9 (Flyball, 9D, EV 98.8 MPH)
Batting: LHB Jerry Fox 0-0: Ball
1-0: Called Strike
1-1: Foul Ball, location: 2F
1-2: DOUBLE (Line Drive, 7LS, EV 101.2 MPH)
Batting: RHB Quinn Aguilar 0-0: Fly out, F6 (Popup, 6MD, EV 70.6 MPH)
Batting: SHB Dezmond Koehler 0-0: Ball
1-0: Ball
2-0: SINGLE (Flyball, 78S, EV 98.1 MPH)
Jerry Fox to third
Runner from 3rd tries for Home, SAFE, throw by LF to home
Batting: RHB Cordell Reichert 0-0: Called Strike
0-1: Called Strike
Dezmond Koehler steals 2nd base
0-2: Fly out, F7 (Line Drive, 78S, EV 110.6 MPH)
Top of the 7th over - 1 run, 2 hits, 0 errors, 1 left on base; Miami 3 - Arizona 6
BOTTOM OF THE 7TH
Arizona Wildcats batting - Pitching for Miami Hurricanes : RHP Jorell Ortega
Batting: RHB Brian Panek 0-0: Ball
1-0: Foul Ball, location: 2F
1-1: Foul Ball, location: 2F
1-2: SINGLE (Line Drive, 8RS, EV 110.6 MPH)
Batting: RHB Spencer Harris 0-0: Ball
Brian Panek steals 2nd base
1-0: Intentional Walk
Batting: RHB Lucas Doyle 0-0: Called Strike
0-1: SINGLE (Line Drive, 56D, EV 99.4 MPH)
Brian Panek to third
Spencer Harris to second
Runner from 3rd tries for Home, SAFE, throw by LF to home
Batting: LHB Billy Cook 0-0: Swinging Strike
0-1: Fielders Choice at 2nd, 3-6 (Groundball, 3, EV 81.2 MPH)
Spencer Harris to third
Batting: RHB Wendel Serrano 0-0: Foul Ball, location: 2F
0-1: Ball
1-1: Ball
2-1: Foul Ball, location: 2F
2-2: Ball
3-2: Foul Ball, location: 2F
3-2: Base on Balls
Billy Cook to second
Batting: LHB Donnie Thornhill 0-0: Fly out, F9 (Line Drive, 9, EV 93.1 MPH)
Pinch Hitting: LHB Mason Ruff 0-0: Ball
1-0: Ball
2-0: Called Strike
2-1: Foul Ball, location: 2F
2-2: Ball
3-2: Base on Balls
Spencer Harris scores
Billy Cook to third
Wendel Serrano to second
Batting: RHB Brendan McIntyre 0-0: Called Strike
0-1: Ball
1-1: Ball
2-1: Ball
3-1: Base on Balls
Billy Cook scores
Wendel Serrano to third
Mason Ruff to second
Pitching: RHP Keith Coleman
Batting: RHB Richard Sall 0-0: Ball
1-0: SINGLE (Line Drive, 78S, EV 98.8 MPH)
Wendel Serrano scores
Mason Ruff to third
Brendan McIntyre to second
Runner from 3rd tries for Home, SAFE, throw by LF to trailing runner, SAFE at third!
Batting: RHB Brian Panek 0-0: Ball
1-0: Ball
2-0: SINGLE (Line Drive, 6MD, EV 103.8 MPH)
Brendan McIntyre scores
Richard Sall to second
Pinch Hitting: RHB Chase Revis 0-0: Called Strike
0-1: Ball
1-1: Called Strike
1-2: Fly out, F8 (Flyball, 8RD, EV 105.6 MPH)
Bottom of the 7th over - 6 runs, 4 hits, 0 errors, 2 left on base; Miami 3 - Arizona 12
TOP OF THE 8TH
Miami Hurricanes batting - Pitching for Arizona Wildcats : RHP David Riley
Now at 1B: Chase Revis
Now at 2B: Isaac Willis
Batting: LHB Richie Levin 0-0: Called Strike
0-1: SINGLE (Flyball, 6D, EV 89.4 MPH)
Batting: RHB Jamie Quimby 0-0: Ball
1-0: SINGLE (Line Drive, 7LM, EV 106.2 MPH)
Richie Levin to second
Pitching: RHP Cole Houghton
Batting: LHB Jarod Reinhardt 0-0: Ball
1-0: Reached via error on a dropped throw from C, E4 (Groundball, 2L, EV 68.8 MPH)
Richie Levin to third
Jamie Quimby to second
Batting: RHB Vinnie Hayes 0-0: Called Strike
0-1: Swinging Strike
0-2: Strikes out looking
Batting: RHB Kyle Reichel 0-0: Called Strike
0-1: Called Strike
0-2: Ball
1-2: Strikes out looking
Batting: LHB Jerry Fox 0-0: Ball
1-0: Fly out, F8 (Line Drive, 78M, EV 97.5 MPH)
Top of the 8th over - 0 runs, 2 hits, 1 error, 3 left on base; Miami 3 - Arizona 12
BOTTOM OF THE 8TH
Arizona Wildcats batting - Pitching for Miami Hurricanes : RHP Keith Coleman
Batting: RHB Lucas Doyle 0-0: Ball
1-0: Ball
2-0: Ball
3-0: Called Strike
3-1: Swinging Strike
3-2: Strikes out swinging
Batting: LHB Billy Cook 0-0: Ball
1-0: Called Strike
1-1: Fly out, F9 (Flyball, 9, EV 84.4 MPH)
Batting: RHB Wendel Serrano 0-0: Ball
1-0: Called Strike
1-1: SINGLE (Groundball, 6MD, EV 95.6 MPH)
Batting: LHB Donnie Thornhill 0-0: Called Strike
0-1: Ball
1-1: Ball
2-1: Foul Ball, location: 2F
2-2: SINGLE (Groundball, 56D, EV 108.8 MPH)
Wendel Serrano to second
Batting: SHB Isaac Willis 0-0: Ground out 6-3 (Groundball, 6S, EV 85.6 MPH)
Bottom of the 8th over - 0 runs, 2 hits, 0 errors, 2 left on base; Miami 3 - Arizona 12
TOP OF THE 9TH
Miami Hurricanes batting - Pitching for Arizona Wildcats : RHP Cole Houghton
Batting: RHB Quinn Aguilar 0-0: Ball
1-0: Ball
2-0: Ball
3-0: Called Strike
3-1: Fly out, F6 (Popup, 6S, EV 81.2 MPH)
Batting: SHB Dezmond Koehler 0-0: Called Strike
0-1: Swinging Strike
0-2: Ball
1-2: Ball
2-2: Ball
3-2: Foul Ball, location: 2F
3-2: Strikes out swinging
Batting: RHB Cordell Reichert 0-0: Swinging Strike
0-1: Foul Ball, location: 2F
0-2: SINGLE (Groundball, 2L, EV 73.8 MPH) (infield hit)
Batting: LHB Richie Levin 0-0: Called Strike
0-1: Swinging Strike
0-2: Strikes out swinging
Top of the 9th over - 0 runs, 1 hit, 0 errors, 1 left on base; Miami 3 - Arizona 12
Wednesday, April 17th , 2024 - OOTP Baseball 23.10 Build 110